AoeStats
← Zelda Ocarina of TIme

Arena

510011378Analyzed
3v3 RM · 5d ago on Sep 29, 2026· 22m 42s· 6 players
Game mode
Random Map
Map size
Normal (6 player)
Population
200
Speed
Normal
Resources
Standard
Victory
Conquest
Starting age
Dark Age
Ending age
Imperial Age
RankedLock teamsTeams togetherTeam positionsShared explorationLock speedFull tech treeHidden civsTurbo modeCheats
Victory
Defeat
🇧🇷 Varangians · Brazil
1484
+11
🇧🇷 Cumans · Brazil
1481
+12
🇧🇷 Cumans · Brazil
1454
+13
🇭🇳 Japanese · Honduras
1413
-13
🇭🇳 Danes · Honduras
1413
-13
🇭🇳 Saxons · Honduras
1319
-10
brunoteixeirster
8:38 Feudal Age
18:06 Fletching
22:18 Gold Mining
Fs.ShaDoWn
9:18 Feudal Age
10:02 Double-Bit Axe
10:17 Horse Collar
12:40 Bloodlines
14:57 Scale Barding Armor
15:53 Forging
22:21 Castle Age
21:28 Loom
22:00 Gold Mining
22:23 Light Cavalry
23:05 Husbandry
Zelda Ocarina of TIme
8:41 Feudal Age
10:26 Fletching
22:06 Loom
[TeBrR] Overlord201
0:33 Loom
10:17 Feudal Age
11:58 Double-Bit Axe
12:00 Man-at-Arms
16:32 Scale Barding Armor
17:05 Bloodlines
19:56 Horse Collar
[TeBrR] Cobraxx
5:17 Loom
8:40 Feudal Age
13:26 Padded Archer Armor
14:20 Fletching
[TeBrR] Bandwidth
9:39 Feudal Age
9:51 Loom
14:22 Castle Age
14:15 Double-Bit Axe
Connection lost

Rejoining the realm…

Still unreachable

The connection could not be restored.

Session expired

The server has moved on; the page needs a fresh start.